 Dungeon Crawl Stone Soup version 0.31.0-9-g3a7656b989 (webtiles) character file.

Game seed: 2191779980459168269

40490 Kenran the Grappler (level 14, -4/148 HPs)
             Began as an Oni Shapeshifter on Feb 3, 2024.
             Was the Champion of Jiyva.
             Slain by a basilisk (8 damage)
             ... while petrified by a basilisk
             ... on level 3 of the Lair of Beasts.
             The game lasted 00:31:04 (12642 turns).

Kenran the Grappler (Oni Shapeshifter)             Turns: 12642, Time: 00:31:04

Health: -4/148     AC:  1    Str: 41    XL:     14   Next: 11%
Magic:  14/14      EV:  1    Int: 17    God:    Jiyva [******]
Gold:   580        SH:  0    Dex:  6    Spells: 13/13 levels left

rFire   . .          .
                       - Unarmed
rCold   . . .        t - +0 kite shield
rNeg    + + +        u - melded +1 robe {Will+}
rPois   ∞            (helmet unavailable)
rElec   .            (no cloak)
rCorr   +            (gloves unavailable)
SInv    .            (boots unavailable)
Will    +....        (no amulet)
Stlth   +            k - +6 ring of strength
HPRegen 2.04/turn    E - +6 ring of strength
MPRegen 0.94/turn

%: clarity
@: maw-form, petrified
A: devouring maw, large, unfitting armour, horns 3, tough skin 1, double potion
healing, drunken brawling, clarity, clever 2, strong 2, pseudopods 1
a: Begin Untransformation, Renounce Religion, Oozemancy, Slimify


You were on level 3 of the Lair of Beasts.
You worshipped Jiyva.
Jiyva was exalted by your worship.
You were a creature with a mouth for a stomach.
You visited 2 branches of the dungeon, and saw 15 of its levels.

You collected 580 gold pieces.

Inventory:

Armour
 j - a +0 cloak
 t - a +0 kite shield (worn)
 u - a +1 robe of willpower (melded)
 A - a +0 troll leather armour
Jewellery
 e - a ring of protection from fire
 k - a +6 ring of strength (left hand)
 l - an amulet of faith {!P}
 E - a +6 ring of strength (right hand)
 G - a ring of protection from cold
Talismans
 a - a serpent talisman
 c - a beast talisman
 g - a flux talisman
 p - a maw talisman (active)
 q - a storm talisman
Wands
 d - a wand of flame (21)
 H - a wand of quicksilver (2)
Scrolls
 b - 2 scrolls of fog {unknown}
 f - 4 scrolls of teleportation
 i - 2 scrolls of poison {unknown}
 m - a scroll of immolation {!r}
 o - a scroll of enchant armour {unknown}
 r - 2 scrolls of noise {unknown}
 s - a scroll of fear {unknown}
 x - 2 scrolls of vulnerability {unknown}
 y - 3 scrolls of blinking {unknown}
 C - a scroll of brand weapon {unknown}
 I - a scroll of amnesia {unknown}
Potions
 h - 3 potions of curing {@q1}
 n - 2 potions of resistance {unknown}
 v - a potion of might {unknown}
 w - a potion of experience {unknown}
 z - a potion of brilliance {unknown}
 B - 2 potions of enlightenment {unknown}
 D - a potion of haste
 F - a potion of mutation {unknown}


   Skills:
 + Level 11.7 Fighting
 + Level 7.5 Dodging
 - Level 3.0 Shields
 - Level 14.0 Unarmed Combat
 + Level 13.6 Shapeshifting


You had 13 spell levels left.
You didn't know any spells.
Your spell library contained the following spells:

 Spells                   Type           Power      Damage    Failure   Level
 Apportation              Tloc           0%         N/A       36%         1
 Necrotise                Necr           0%         1d4       36%         1
 Sting                    Conj/Alch      0%         1d3       36%         1
 Summon Small Mammal      Summ           0%         N/A       36%         1
 Fugue of the Fallen      Necr           0%         N/A       75%         3
 Ozocubu's Armour         Ice            0%         N/A       75%         3
 Ignite Poison            Fire/Alch      0%         N/A       98%         4
 Manifold Assault         Tloc           0%         N/A       98%         4
 Sticky Flame             Fire/Alch      0%         2d4       98%         4
 Ignition                 Fire           0%         3d3       100%        8


Dungeon Overview and Level Annotations

Branches:
Dungeon (12/15)            Temple (0/1) D:7            Lair (3/5) D:8
  Swamp (0/4) Lair:2          Orc (0/2) D:9
  Snake: Lair:2-3    Spider: Lair:2-3

Altars:
Ashenzari
Dithmenos
Makhleb
Nemelex Xobeh
Ru
Trog
Wu Jian
Jiyva

Shops:
D:5 (

Annotations:
D:4 1 runed translucent door, karambola's ghost, novice OpEE
D:7 exclusion: downstairs
Lair:1 1 runed translucent door


Innate Abilities, Weirdness & Mutations

You are a creature with a mouth for a stomach.
Your midsection houses a second, enormous mouth.
You are immune to poison.
You are too large for most types of armour.
You have a pair of large horns on your head.
You have tough skin. (AC +1)
You gain doubled healing and magic from potions.
Whenever you drink a healing potion, you attack all around you.
You possess an exceptional clarity of mind.
Your mind is very acute. (Int +8, Str/Dex -2)
Your muscles are very strong. (Str +8, Int/Dex -2)
Armour fits poorly on your pseudopods.


Message History

You are encased in ice.
The basilisk bites you.
Your limbs are stiffening.
You pummel the rime drake!!
You kill the rime drake!
The bullfrog hits you but does no damage.
The bullfrog hits you! The basilisk bites you! The black mamba bites you!
You have turned to stone.
The black mamba completely misses you. The bullfrog hits you.
The basilisk gazes at you. You resist with almost no effort.
The black mamba bites you.
* * * LOW HITPOINT WARNING * * *
The bullfrog hits you.
* * * LOW HITPOINT WARNING * * *
The black mamba bites you!!
* * * LOW HITPOINT WARNING * * *
The bullfrog hits you. The basilisk barely misses you.
The ice encasing you melts away. The black mamba bites you!!
* * * LOW HITPOINT WARNING * * *
The bullfrog hits you.
* * * LOW HITPOINT WARNING * * *
The black mamba bites you.
* * * LOW HITPOINT WARNING * * *
The basilisk bites you.
* * * LOW HITPOINT WARNING * * *
The black mamba bites you.
* * * LOW HITPOINT WARNING * * *
The bullfrog hits you but does no damage.
The bullfrog hits you.
* * * LOW HITPOINT WARNING * * *
The black mamba bites you!
* * * LOW HITPOINT WARNING * * *
The basilisk bites you.
* * * LOW HITPOINT WARNING * * *
The black mamba bites you!
* * * LOW HITPOINT WARNING * * *
The bullfrog hits you.
* * * LOW HITPOINT WARNING * * *
The basilisk bites you!
You die...

## .... ######.##...#
#######...........#
###.⌠..#.#.........##
#....................
##⌠.<.⌠##............
#.....#####.........
#.....# #..l.......
###....# #.WF.......
....## ###S.......
...... #........
.##.#... .........
...##.. .........
k......... S.........
...........


You could see a black mamba, a basilisk and a bullfrog.

Vanquished Creatures
  An ettin (D:12)
  3 centaur warriors
  A catoblepas (Lair:1)
  6 two-headed ogres
  3 boulder beetles
  8 death yaks
  A tengu warrior (D:12)
  A skyshark (Lair:2)
  2 bog bodies (Lair:2)
  A deep elf zephyrmancer (D:12)
  An ugly thing (D:12)
  Maurice (D:7)
  Joseph (D:7)
  An ice statue (Lair:2)
  4 black mambas
  A torpor snail (Lair:1)
  3 cane toads
  An unseen horror (D:10)
  2 gargoyles (D:12)
  3 kobold demonologists
  5 rime drakes
  4 komodo dragons
  A yaktaur (D:12)
  2 trolls
  4 polar bears
  2 hornets
  6 blink frogs
  3 shadows
  2 wraiths
  3 wyverns
  20 yaks
  2 steam dragons
  A basilisk (Lair:1)
  A harpy simulacrum (Lair:2)
  Edmund (D:6)
  A swamp worm (Lair:2)
  4 acid dragons
  6 water moccasins
  4 orc warriors
  2 sky beasts
  A black bear (D:7)
  5 ice beasts
  An ogre (D:4)
  7 wolves (Lair:2)
  A boggart (D:12)
  10 centaurs
  4 kobold brigands
  5 bullfrogs
  3 gnoll sergeants
  A scorpion (D:5)
  6 wights
  An elephant simulacrum (Lair:2)
  2 electric eels (Lair:2)
  2 howler monkeys
  A bombardier beetle (D:6)
  6 orc priests
  4 hounds
  2 gnoll boudas
  2 sleepcaps
  14 orc wizards
  Natasha (thrice) (D:2)
  3 iguanas
  A hound skeleton (D:7)
  10 gnolls
  A naga simulacrum (Lair:2)
  7 adders
  3 white imps
  2 dart slugs
  3 ribbon worms
  38 orcs
  5 ball pythons
  6 endoplasms
  2 giant cockroaches (D:3)
  7 goblins
  3 hobgoblins
  6 jackals
  19 kobolds
  2 quokkas
  7 bats
  3 frilled lizards
  4 rats
332 creatures vanquished.

Vanquished Creatures (collateral kills)
  A rakshasa (D:12)
  A two-headed ogre (D:7)
  A deep elf archer (D:12)
  A deep elf zephyrmancer (D:12)
  An orc knight (D:12)
  A manticore (D:7)
  A gargoyle (D:12)
  4 yaks (Lair:1)
  An orc wizard (D:9)
12 creatures vanquished.

Vanquished Creatures (others)
  A cane toad (Lair:1)
  A steam dragon (D:7)
  2 yaks (Lair:1)
  A water moccasin (Lair:1)
  A black bear (D:6)
  2 boggarts (D:12)
  A necrophage (D:7)
  50 jellies
  An orc priest (D:7)
  A bombardier beetle (D:7)
  An iguana (D:5)
  4 orc wizards (D:7)
  An adder (D:5)
  A gnoll (D:8)
  7 orcs
  2 endoplasms (D:4)
  2 jackals (D:5)
79 creatures vanquished.

Grand Total: 423 creatures vanquished

Notes
Turn   | Place    | Note
-------+----------+-------------------------------------------
     0 | D:1      | Kenran the Oni Shapeshifter began the quest for the Orb.
     0 | D:1      | Reached XP level 1. HP: 19/19 MP: 1/1
    67 | D:1      | Reached skill level 3 in Unarmed Combat
   142 | D:1      | Reached XP level 2. HP: 23/27 MP: 2/2
   708 | D:2      | Reached XP level 3. HP: 32/33 MP: 3/3
   771 | D:2      | Reached skill level 4 in Unarmed Combat
  1044 | D:2      | Noticed Natasha
  1052 | D:2      | Killed Natasha
  1053 | D:2      | Reached XP level 4. HP: 25/41 MP: 4/4
  1290 | D:2      | Noticed Natasha
  1295 | D:2      | Killed Natasha
  1296 | D:2      | Reached skill level 5 in Unarmed Combat
  1313 | D:2      | Noticed Natasha
  1319 | D:2      | Killed Natasha
  1320 | D:2      | Reached XP level 5. HP: 42/48 MP: 5/5
  1809 | D:3      | Reached XP level 6. HP: 46/55 MP: 6/6
  1931 | D:3      | Found a faded altar of an unknown god.
  2083 | D:3      | Reached skill level 6 in Unarmed Combat
  2156 | D:3      | Prayed at the altar of an unknown god.
  2156 | D:3      | Became a worshipper of Jiyva Jafuereg the Shapeless
  2156 | D:3      | Reached * piety under Jiyva
  2641 | D:4      | Noticed karambola's ghost (novice OpEE)
  2713 | D:4      | Noticed a sky beast
  2727 | D:4      | Killed a sky beast
  2728 | D:4      | Reached XP level 7. HP: 54/62 MP: 7/7
  2758 | D:4      | Reached ** piety under Jiyva
  2912 | D:4      | Found a runed translucent door.
  2981 | D:5      | Entered Level 5 of the Dungeon
  3000 | D:5      | Found Zaffaw's Weapon Shop.
  3022 | D:5      | Identified the +4 war axe "Tehityaz" {freeze, rF- rN+++
                  | rCorr SInv}
  3057 | D:5      | Found a sparkling altar of Nemelex Xobeh.
  3068 | D:5      | Reached *** piety under Jiyva
  3303 | D:5      | Gained mutation: Armour fits poorly on your pseudopods.
                  | [Jiyva's grace]
  3303 | D:5      | Gained mutation: Armour fits poorly on your large
                  | pseudopods. [Jiyva's grace]
  3303 | D:5      | Gained mutation: Armour fits poorly on your massive
                  | pseudopods. [Jiyva's grace]
  3303 | D:5      | Gained mutation: You are covered in slimy tendrils that may
                  | disarm your opponents. [Jiyva's grace]
  3376 | D:5      | Reached skill level 7 in Unarmed Combat
  3627 | D:6      | Found an ornate altar of the Wu Jian Council.
  3780 | D:6      | Reached **** piety under Jiyva
  3920 | D:6      | Reached XP level 8. HP: 55/75 MP: 8/8
  3929 | D:6      | Reached skill level 8 in Unarmed Combat
  3954 | D:6      | Reached skill level 1 in Shields
  3990 | D:6      | Noticed Edmund
  4001 | D:6      | Killed Edmund
  4208 | D:6      | Reached skill level 9 in Unarmed Combat
  4293 | D:7      | Found a staircase to the Ecumenical Temple.
  4309 | D:7      | Reached XP level 9. HP: 46/79 MP: 9/9
  4337 | D:7      | Noticed Maurice
  4360 | D:7      | Something stole a flux talisman
  4363 | D:7      | Something stole an amulet of faith {!P}
  4364 | D:7      | Something stole 128 gold
  4381 | D:7      | Something stole 130 gold
  4549 | D:7      | Reached skill level 10 in Unarmed Combat
  4710 | D:7      | Found a bloodstained altar of Trog.
  4752 | D:7      | Noticed Joseph
  4762 | D:7      | Killed Joseph
  4763 | D:7      | Reached skill level 5 in Shapeshifting
  4793 | D:7      | Reached ***** piety under Jiyva
  4795 | D:7      | Noticed a two-headed ogre
  4966 | D:8      | Noticed a hornet
  4972 | D:7      | Killed a two-headed ogre
  4973 | D:7      | Reached XP level 10. HP: 29/94 MP: 10/10
  4990 | D:7      | Maurice stole 20 gold
  4994 | D:7      | Killed Maurice
  5091 | D:7      | Found a burning altar of Makhleb.
  5260 | D:7      | Noticed a manticore
  5269 | D:7      | Killed a manticore
  5514 | D:8      | Reached skill level 11 in Unarmed Combat
  5554 | D:8      | Noticed a death yak
  5554 | D:8      | Noticed a death yak
  5554 | D:8      | Noticed a death yak
  5579 | D:8      | Found a staircase to the Lair.
  5580 | D:8      | Noticed a death yak
  5580 | D:8      | Noticed a death yak
  5581 | D:8      | Noticed a death yak
  5730 | D:8      | Lost mutation: Armour fits poorly on your massive
                  | pseudopods. [Jiyva's grace]
  5730 | D:8      | Lost mutation: You are covered in slimy tendrils that may
                  | disarm your opponents. [Jiyva's grace]
  5730 | D:8      | Gained mutation: You are partially covered in iridescent
                  | scales. (AC +2) [Jiyva's grace]
  5730 | D:8      | Gained mutation: You are mostly covered in iridescent
                  | scales. (AC +4) [Jiyva's grace]
  5730 | D:8      | Gained mutation: You are completely covered in iridescent
                  | scales. (AC +6) [Jiyva's grace]
  5730 | D:8      | Gained mutation: You have a small jelly attached to you
                  | that may absorb projectiles. [Jiyva's grace]
  5875 | D:9      | Found a staircase to the Orcish Mines.
  5890 | D:9      | Noticed a two-headed ogre
  5917 | D:9      | Killed a two-headed ogre
  5918 | D:9      | Reached skill level 5 in Dodging
  6036 | D:9      | Noticed a two-headed ogre
  6137 | D:8      | Noticed a death yak
  6171 | D:7      | Killed a death yak
  6273 | D:8      | Reached XP level 11. HP: 105/105 MP: 11/11
  6639 | D:7      | Killed a death yak
  7056 | D:8      | Killed a death yak
  7125 | D:7      | Killed a death yak
  7193 | D:8      | Found a broken altar of Ashenzari.
  7193 | D:8      | Found a sacrificial altar of Ru.
  7338 | D:8      | Found a staircase to the Lair.
  7741 | D:7      | Killed a death yak
  7788 | D:7      | Killed a death yak
  7789 | D:7      | Reached skill level 10 in Shapeshifting
  7816 | D:8      | Killed a death yak
  8229 | D:8      | Killed a two-headed ogre
  8415 | D:9      | Found a shadowy altar of Dithmenos.
  8425 | D:9      | Noticed a two-headed ogre
  8432 | D:9      | Killed a two-headed ogre
  8557 | D:9      | Reached ****** piety under Jiyva
  8720 | D:10     | Entered Level 10 of the Dungeon
  8842 | D:10     | Reached XP level 12. HP: 114/114 MP: 12/12
  8847 | D:10     | Reached skill level 12 in Unarmed Combat
  9366 | D:11     | Lost mutation: You are completely covered in iridescent
                  | scales. (AC +6) [Jiyva's grace]
  9366 | D:11     | Lost mutation: You are mostly covered in iridescent scales.
                  | (AC +4) [Jiyva's grace]
  9366 | D:11     | Gained mutation: You have supernaturally acute eyesight.
                  | (SInv) [Jiyva's grace]
  9366 | D:11     | Gained mutation: You possess an exceptional clarity of
                  | mind. [Jiyva's grace]
  9366 | D:11     | Gained mutation: Your mind is acute. (Int +4, Str/Dex -1)
                  | [Jiyva's grace]
  9366 | D:11     | Gained mutation: Your mind is very acute. (Int +8, Str/Dex
                  | -2) [Jiyva's grace]
  9691 | D:11     | Noticed a centaur warrior
  9700 | D:11     | Killed a centaur warrior
  9898 | D:12     | Noticed a two-headed ogre
  9905 | D:12     | Killed a two-headed ogre
  9980 | D:12     | Noticed a two-headed ogre
  9992 | D:12     | Killed a two-headed ogre
 10179 | D:12     | Noticed a two-headed ogre
 10184 | D:12     | Killed a two-headed ogre
 10213 | D:12     | Noticed a centaur warrior
 10221 | D:12     | Killed a centaur warrior
 10260 | D:12     | Noticed a tengu warrior
 10269 | D:12     | Killed a tengu warrior
 10310 | D:12     | Noticed an ettin
 10315 | D:12     | Killed an ettin
 10332 | D:12     | Reached skill level 10 in Fighting
 10352 | D:12     | Reached XP level 13. HP: 100/133 MP: 13/13
 10387 | D:12     | Identified the +6 chain mail of the Doomed God {Will+
                  | rCorr}
 10387 | D:12     | Noticed a rakshasa
 10407 | D:12     | Noticed a rakshasa
 10409 | D:12     | Killed a rakshasa
 10447 | D:12     | HP: 1/133 [deep elf knight/shard of ice (51)]
 10468 | D:12     | Reached skill level 13 in Unarmed Combat
 10639 | Lair:1   | Entered Level 1 of the Lair of Beasts
 10765 | Lair:1   | Reached skill level 14 in Unarmed Combat
 11041 | Lair:1   | Noticed a dire elephant
 11053 | Lair:1   | Lost mutation: You are partially covered in iridescent
                  | scales. (AC +2) [Jiyva's grace]
 11053 | Lair:1   | Lost mutation: You have supernaturally acute eyesight.
                  | (SInv) [Jiyva's grace]
 11053 | Lair:1   | Lost mutation: Armour fits poorly on your large pseudopods.
                  | [Jiyva's grace]
 11053 | Lair:1   | Lost mutation: You have a small jelly attached to you that
                  | may absorb projectiles. [Jiyva's grace]
 11053 | Lair:1   | Gained mutation: You have a pair of horns on your head.
                  | [Jiyva's grace]
 11053 | Lair:1   | Gained mutation: You have a pair of large horns on your
                  | head. [Jiyva's grace]
 11053 | Lair:1   | Gained mutation: Your muscles are strong. (Str +4, Int/Dex
                  | -1) [Jiyva's grace]
 11053 | Lair:1   | Gained mutation: Your muscles are very strong. (Str +8,
                  | Int/Dex -2) [Jiyva's grace]
 11061 | Lair:1   | Found a runed translucent door.
 11231 | Lair:1   | Identified the +6 rapier of Moderation {antimagic, rPois
                  | rC+ SInv}
 11623 | Lair:2   | Found a staircase to the Swamp.
 12082 | Lair:2   | Reached XP level 14. HP: 112/146 MP: 14/14
 12642 | Lair:3   | HP: 6/148 [black mamba (8)]
 12642 | Lair:3   | Slain by a basilisk

Illustrated notes

Levels and vault maps discovered:
D:1:      shiori_arrival_oz, layout_basic, minmay_splitting_lines
D:2:      layout_loops_cross, grunt_decor_fettered, uniq_natasha
D:3:      layout_loops_ring, shapermc_ecumenical_altar_hornbeckon,
          kennysheep_pointless_box, minmay_misc_feat_enclosed
D:4:      layout_gridville, hellmonk_ghost_happy_afterlife
D:5:      layout_rooms, nemelex_altar_shiori, serial_shops, nicolae_shop_stone,
          kennysheep_donut
D:6:      layout_basic, nicolae_wu_jian_immortal_techniques, minmay_bent,
          uniq_edmund
D:7:      nzn_winding_woodlands_medium [nzn_winding_woodlands_5x5_perimeter,
          nzn_winding_woodlands_5x15_pool, nzn_winding_woodlands_hourglass,
          nzn_winding_woodlands_5x5_open_star,
          nzn_winding_woodlands_center_triple_pond,
          nzn_winding_woodlands_5x5_closed_star,
          nzn_winding_woodlands_5x5_three, nzn_winding_woodlands_5x15_crooked,
          nzn_winding_woodlands_5x5_default], layout_loops_ring,
          makhleb_blood_cavern_becter, mainiacjoe_overflow_paths,
          minmay_temple_entry_junction, serial_aquarium, aquarium_bridge_square
          [aquarium_subvault_bridge, aquarium_subvault_bridge,
          aquarium_subvault_bridge, aquarium_subvault_window],
          aquarium_window_2, aquarium_window_2, aquarium_view_2e,
          aquarium_view_2b, aquarium_pool_1, nicolae_elevator_lobby_asterisk,
          uniq_joseph, uniq_maurice
D:8:      layout_layer_cave, gammafunk_temple_overflow_statue,
          dpeg_lair_monsters, enter_bailey_3
D:9:      layout_irregular_city, nicolae_dithmenos_shadow_blocks, orc_0_dummy
D:10:     layout_gridville
D:11:     layout_long_grid
D:12:     regret_index_dithmenos_penumbral_divide, layout_basic,
          grunt_ministairs_9
Lair:1:   gammafunk_lair_enchanted_lake, layout_regular_city,
          beast_lair_carwin_1, grunt_megastairs_1
Lair:2:   dreamdust_isle_of_ice, layout_hall_layers,
          nicolae_swamp_entry_splash_gauntlet, infiniplex_staircase_pool_2
Lair:3:   layout_cave_pods, guppyfry_snake_entry_garden, grunt_megastairs_2

Skill      XL: |  1  2  3  4  5  6  7  8  9 10 11 12 13 |
---------------+----------------------------------------+-----
Unarmed Combat | 3 4 5 6 7 9 10 11 12 14 | 14.0
Shapeshifting  | 4 7 10 13 | 13.6
Fighting       | 3 4 6 10 11 | 11.7
Dodging        | 3 5 6 7 |  7.5
Shields        | 3 |  3.0

Action                     |  1- 3 |  4- 6 |  7- 9 | 10-12 | 13-15 || total
---------------------------+-------+-------+-------+-------+-------++-------
  Melee: Unarmed           |    70 |   122 |   200 |   421 |   219 ||  1032
         Headbutt          |     8 |    13 |    32 |   113 |    30 ||   196
         Punch             |       |     3 |       |       |       ||     3
         Pseudopods        |       |       |    35 |   117 |    47 ||   199
         Maw               |       |       |       |    22 |    67 ||    89
 Invoke: Oozemancy         |       |       |       |     1 |     2 ||     3
  Evoke: Wand              |       |       |       |     1 |       ||     1
    Use: Scroll            |     1 |       |     1 |     6 |     2 ||    10
         Potion            |       |     2 |     3 |     3 |     4 ||    12
   Stab: Petrified         |       |       |       |       |     1 ||     1
 Armour: Animal skin       |    56 |    69 |    73 |       |       ||   198
         Skin              |       |    27 |       |   318 |   206 ||   551
         Robe              |       |       |    77 |     6 |       ||    83
  Dodge: Dodged            |    37 |    41 |    69 |   247 |   101 ||   495
  Block: Kite shield       |       |       |    47 |    17 |    72 ||   136
   Form: Flux              |       |       |       |     1 |       ||     1
         Maw               |       |       |       |     1 |       ||     1
